 Dungeon Crawl Stone Soup version 0.25-a0-58-g9dd530fc12 (console) character file.

Game seed: 5528016460462876549, levelgen mode: deterministic

3154 utis the Basher (level 9, -3/55 HPs)
             Began as a Tengu Warper on Oct 27, 2019.
             Killed from afar by a crimson imp (14 damage)
             ... with a bolt of acid
             ... on level 7 of the Dungeon.
             The game lasted 00:27:34 (11476 turns).

utis the Basher (Tengu Warper)                     Turns: 11476, Time: 00:27:34

Health: -3/55      AC:  5    Str: 15    XL:     9   Next: 93%
Magic:  13/13      EV: 18    Int: 13    God:
Gold:   194        SH:  0    Dex: 14    Spells: 2/12 levels left

rFire    . . .     SeeInvis .   w - +0 morningstar
rCold    . . .     Gourm    .   (no shield)
rNeg     . . .     Faith    .   z - +1 ring mail {rPois}
rPois    +         Spirit   .   (helmet restricted)
rElec    .         Reflect  .   y - +2 cloak
rCorr    .         Harm     .   (no gloves)
MR       .....                  (boots unavailable)
Stlth    +.........             s - amulet of the acrobat
HPRegen  0.18/turn              (no ring)
MPRegen  0.13/turn              (no ring)

@: corroded, flying quickly and evasively, quick
A: beak, talons 3, able to fly
a: Stop Flying


You were on level 7 of the Dungeon.
You were not hungry.

You visited 1 branch of the dungeon, and saw 7 of its levels.
You also visited: Ossuary.

You collected 446 gold pieces.
You spent 252 gold pieces at shops.

Inventory:

Hand Weapons
 a - a +1 mace of draining
 g - a +3 quarterstaff of chaos
 w - a +0 morningstar (weapon)
 x - a +0 mace
 J - a +5 falchion of freezing
 L - a +0 flail
Missiles
 e - 5 boomerangs of dispersal {=f}
 k - 195 stones
 t - 14 poisoned darts (quivered)
 I - 9 boomerangs
Armour
 b - a +0 leather armour
 h - a +0 ring mail
 r - a +0 chain mail
 y - a +2 cloak (worn)
 z - a +1 ring mail of poison resistance (worn)
 N - a +0 plate armour
 O - a +0 scale mail
Magical Staves
 q - an uncursed staff of summoning {!a}
Jewellery
 s - an amulet of the acrobat (around neck)
 M - an uncursed ring of fire {unknown}
Scrolls
 d - 3 scrolls of blinking
 i - 5 scrolls of fear
 j - 4 scrolls of enchant armour
 l - a scroll of enchant weapon
 n - 9 scrolls of remove curse {@r2}
 v - 2 scrolls of fog
 B - a scroll of teleportation {@r4}
 E - a scroll of holy word
 H - 4 scrolls of amnesia
Potions
 c - a potion of cancellation
 m - a potion of resistance {unknown}
 o - 3 potions of magic
 p - a potion of degeneration {unknown}
 u - 6 potions of heal wounds {@q2}
 A - 2 potions of curing {@q1}
 C - a potion of might {unknown}
 D - 2 potions of lignification {unknown}
 F - 2 potions of haste {unknown}
 G - 2 potions of agility {unknown}
Comestibles
 f - 13 rations {@e1}
 K - a chunk of flesh


   Skills:
 + Level 5.7 Fighting
 * Level 8.8 Maces & Flails
 - Level 1.0 Throwing
 + Level 3.2 Armour
 * Level 8.5 Dodging
 - Level 2.0 Spellcasting
 + Level 5.1 Translocations


You had 2 spell levels left.
You knew the following spells:

 Your Spells              Type           Power        Failure   Level  Hunger
g - Shroud of Golubria    Chrm/Tloc      #.....       26%         2    ###....
o - Teleport Other        Tloc           ##......     19%         3    ####...
v - Blink                 Tloc           N/A          9%          2    ###....
Y - Lesser Beckoning      Tloc           ##........   19%         3    ####...

Your spell library contained the following spells:

 Spells                   Type           Power        Failure   Level  Hunger
 Confusing Touch          Hex            #.....       43%         1    ##.....
 Gell's Gravitas          Tloc           ##........   19%         3    ####...
 Recall                   Summ/Tloc      N/A          45%         3    ####...
 Passage of Golubria      Tloc           N/A          52%         4    #####..
 Confuse                  Hex            #.......     82%         3    ####...
 Animate Dead             Necr           N/A          99%         4    #####..
 Petrify                  Tmut/Erth      #.......     99%         4    #####..
 Borgnjor's Vile Clutch   Necr/Erth      #.........   100%        5    ######.
 Metabolic Englaciation   Hex/Ice        #.........   100%        5    ######.
 Yara's Violent Unravell  Hex/Tmut       #.........   100%        5    ######.
 Death Channel            Necr           #.........   100%        6    #######
 Simulacrum               Ice/Necr       #.........   100%        6    #######


Dungeon Overview and Level Annotations

Branches:
Dungeon (7/15)             Temple (0/1) D:5         Ossuary (visited)

Altars:
Ashenzari
Fedhas
Okawaru
Qazlal
Ru
Vehumet
Wu Jian
Yredelemnul
Zin
The Shining One

Shops:
D:4 ?

Annotations:
D:3 2 transporters, DavidChitty2's ghost, amateur MiFi


Innate Abilities, Weirdness & Mutations

You have a beak for a mouth.
You have claws for feet.
You can fly continuously.


Message History

w - a +0 morningstar (weapon)
The crimson imp shouts!
The crimson imp zaps a wand.
The bolt of acid hits you! The acid corrodes you!
You are splashed with acid!
The crimson imp zaps a wand.
The bolt of acid misses you.
Found a hardcover book.
Enter note: uh oh Unknown command.
Unknown command.
As you read the scroll of teleportation {@r4}, it crumbles to dust.
You feel strangely unstable. The crimson imp closely misses you.
You closely miss the crimson imp. Your peck misses the crimson imp.
The crimson imp zaps a wand.
The bolt of acid hits you!
* * * LOW HITPOINT WARNING * * *
You are splashed with acid!
* * * LOW HITPOINT WARNING * * *
You miss the crimson imp.
Your surroundings seem slightly different.
The crimson imp zaps a wand.
The bolt of acid hits you!
You die...

░+░░░....░░...░.........
░..░░....░....░.........
░........░....░.........
.........░....'.........
░..░░....░░'░░░░§.░░...░
░..░░....░░...░░5.░░...░
░..░░....░░.............
...░....................
...░.....░░░░░░░Q.......
░..░░...÷░░...░░.......░
░░░░░.........░░..░░...░
░.............░░..░ ..:░
░..░░....░░...░░... .
░..░░....░░...░░....
░░░░░.....░...░░░'░░
░..░......░...░░..░░
...░......░........░


You could see a crimson imp.

Vanquished Creatures
  Grinder (D:3)
  Sigmund (D:3)
  Eustachio (D:5)
  A hungry ghost (D:7)
  Menkaure (D:5)
  2 ice beasts (D:5)
  2 orc warriors (D:6)
  2 ogres
  4 elf zombies (Ossuary)
  4 bullfrogs
  A scorpion (D:6)
  3 wights (D:6)
  A crimson imp (D:7)
  6 centaur zombies
  4 human zombies (Ossuary)
  3 orc priests
  A hound (D:4)
  4 orc wizards
  Crazy Yiuf (D:2)
  A centaur skeleton (D:4)
  2 bullfrog skeletons
  Jessica (D:3)
  An iguana (D:4)
  3 worker ants
  A hound zombie (D:5)
  2 hound skeletons
  3 mummies (Ossuary)
  Robin (D:1)
  4 gnolls (D:2)
  10 adders
  2 oozes
  4 worms
  6 dart slugs
  3 leopard geckos
  22 orcs
  4 giant cockroaches
  9 hobgoblins
  6 jackals
  9 kobolds
  4 quokkas
  6 bats
  7 frilled lizards
  15 goblins
  A jackal skeleton (D:4)
  A jackal zombie (D:6)
  A quokka skeleton (D:6)
  9 rats
181 creatures vanquished.

Notes
Turn   | Place    | Note
-------+----------+-------------------------------------------
     0 | D:1      | utis the Tengu Warper began the quest for the Orb.
     0 | D:1      | Reached XP level 1. HP: 12/12 MP: 4/4
    86 | D:1      | Reached XP level 2. HP: 16/17 MP: 6/6
   369 | D:1      | Learned a level 2 spell: Blink
   372 | D:1      | Learned a level 2 spell: Shroud of Golubria
   656 | D:1      | Reached XP level 3. HP: 17/22 MP: 7/7
  1071 | D:2      | Noticed Robin
  1751 | D:1      | Killed Robin
  1751 | D:1      | Reached XP level 4. HP: 20/27 MP: 5/8
  2241 | D:2      | Learned a level 3 spell: Teleport Other
  2343 | D:2      | Gained mutation: You can fly continuously. [Tengu growth]
  2343 | D:2      | Reached XP level 5. HP: 13/32 MP: 5/9
  3301 | D:2      | Found a runed translucent door.
  3302 | D:2      | Noticed Crazy Yiuf
  3474 | D:2      | sigh
  3563 | D:3      | Found a transporter.
  3566 | D:3      | Noticed DavidChitty2's ghost (amateur MiFi)
  3613 | D:3      | Noticed Grinder
  3763 | D:3      | Noticed Jessica
  3775 | D:3      | Killed Jessica
  3807 | D:3      | Found a transporter.
  3875 | D:3      | Found a sacrificial altar of Ru.
  3875 | D:3      | Noticed Sigmund
  3916 | D:3      | Paralysed by Grinder for 5 turns
  4402 | D:2      | HP: 1/32 [orc priest/+0 flail (8)]
  4403 | D:2      | wow
  4406 | D:2      | Reached XP level 6. HP: 6/37 MP: 10/10
  5381 | D:3      | Paralysed by Grinder for 4 turns
  5792 | D:4      | Reached skill level 5 in Maces & Flails
  6106 | D:2      | Killed Crazy Yiuf
  6348 | D:3      | Killed Sigmund
  6348 | D:3      | Reached XP level 7. HP: 34/42 MP: 11/11
  6676 | D:3      | Learned a level 3 spell: Lesser Beckoning
  6742 | D:3      | Killed Grinder
  6742 | D:3      | Reached skill level 5 in Dodging
  6844 | D:3      | Found an ornate altar of the Wu Jian Council.
  6850 | D:3      | Found a basalt altar of Yredelemnul.
  6853 | D:3      | Found a blossoming altar of Fedhas.
  6854 | D:3      | Found a glowing golden altar of the Shining One.
  7114 | D:4      | Found a shattered altar of Ashenzari.
  7241 | D:4      | Reached XP level 8. HP: 48/48 MP: 12/12
  7265 | D:4      | Found an iron altar of Okawaru.
  7266 | D:4      | Found Xufebb's Magic Scroll Emporium.
  7271 | D:4      | Bought a scroll of noise for 14 gold pieces
  7271 | D:4      | Bought a scroll of fear for 49 gold pieces
  7271 | D:4      | Bought a scroll of fog for 28 gold pieces
  7271 | D:4      | Bought a scroll of enchant armour for 105 gold pieces
  7271 | D:4      | Bought a scroll of identify for 28 gold pieces
  7271 | D:4      | Bought a scroll of identify for 28 gold pieces
  7415 | D:4      | Found a stormy altar of Qazlal.
  7417 | D:4      | Found a radiant altar of Vehumet.
  7420 | D:4      | Found a glowing silver altar of Zin.
  7448 | D:5      | Entered Level 5 of the Dungeon
  7471 | D:5      | Found a staircase to the Ecumenical Temple.
  8452 | D:6      | Found a sand-covered staircase.
  8458 | Ossuary  | Entered an ossuary
  8895 | Ossuary  | Reached XP level 9. HP: 53/53 MP: 10/13
  8914 | Ossuary  | Reached skill level 5 in Fighting
  9002 | D:6      | Noticed Menkaure
  9203 | D:6      | Noticed Eustachio
  9456 | D:5      | Killed Eustachio
  9561 | D:5      | Killed Menkaure
 10952 | D:7      | Reached skill level 5 in Translocations
 11474 | D:7      | uh oh
 11476 | D:7      | Killed from afar by a crimson imp

Levels and vault maps discovered:
D:1:      dpeg_arrival_ternary, layout_rooms, hangedman_glass_teeth,
          chequers_serial_rivers_room_a
D:2:      layout_loops_ring, first_ration, uniq_crazy_yiuf_cottage, uniq_robin
D:3:      layout_loops_ring, grunt_temple_overflow_open, gammafunk_ghost_arena,
          uniq_sigmund, uniq_grinder, uniq_jessica
D:4:      layout_rooms, evilmike_ruin_ashenzari, minitemple, serial_shops,
          kennysheep_mini_moat, okawaru_gym_becter
D:5:      layout_basic, minmay_temple_entry_statues, serial_bayou,
          serial_bayou_shore_a, serial_bayou_lake_a, serial_bayou_pond_a,
          serial_bayou_shore_b
D:6:      layout_rooms, nicolae_ossuary_entry_false_entrances,
          serial_bayou_pond_e, uniq_menkaure, uniq_eustachio
D:7:      layout_gridville, dk_vineyard_2

Skill      XL: |  1  2  3  4  5  6  7  8  9 |
---------------+----------------------------+-----
Maces & Flails | 3 4 5 6 7 8 |  8.8
Dodging        | 3 4 5 7 8 |  8.5
Fighting       | 3 4 5 |  5.7
Translocations | 3 4 5 |  5.1
Armour         | 3 |  3.2
Throwing       | |  1.0
Spellcasting   | |  2.0

Action                   |  1- 3 |  4- 6 |  7- 9 || total
-------------------------+-------+-------+-------++-------
Melee: Mace              |   109 |   169 |   238 ||   516
       Kick              |    22 |    45 |   114 ||   181
       Peck              |    17 |    28 |    75 ||   120
       Flail             |       |     5 |   147 ||   152
       Morningstar       |       |       |    32 ||    32
Throw: Stone             |       |    16 |     1 ||    17
       Dart              |       |     5 |    13 ||    18
 Cast: Shroud of Golubri |     3 |    10 |    24 ||    37
 Abil: Fly               |       |     1 |       ||     1
  Use: Scroll            |       |     2 |     9 ||    11
       Potion            |       |     1 |       ||     1
 Stab: Sleeping          |     1 |       |       ||     1
  Eat: Chunk             |     3 |    11 |    14 ||    28
       Ration            |       |     1 |     2 ||     3
Armor: Leather armour    |    25 |    16 |       ||    41
       Ring mail         |     3 |    14 |   113 ||   130
Dodge: Dodged            |    78 |   131 |   292 ||   501

Table legend:
 A = Non-vault XP
 B = Vault XP
 C = Vault XP percentage of total XP
 D = Non-vault monster count
 E = Vault monster count
 F = Vault count percentage of total count
                 A         B        C        D         E       F
            +---------+---------+-------+---------+---------+-------
      Total |    2741 |    1765 |  39.2 |     149 |      32 |  17.7
            +---------+---------+-------+---------+---------+-------
        D:1 |      51 |      26 |  33.8 |      25 |       7 |  21.9
        D:2 |     180 |      48 |  21.1 |      31 |       5 |  13.9
        D:3 |      79 |     532 |  87.1 |      23 |       3 |  11.5
        D:4 |     353 |       0 |   0.0 |      22 |       0 |   0.0
        D:5 |     518 |     380 |  42.3 |      11 |       2 |  15.4
        D:6 |     939 |       0 |   0.0 |      28 |       0 |   0.0
        D:7 |     621 |       0 |   0.0 |       9 |       0 |   0.0
    Ossuary |       0 |     779 | 100.0 |       0 |      15 | 100.0
            +---------+---------+-------+---------+---------+-------
